 Dungeon Crawl Stone Soup version 0.31.0-9-g3a7656b989 (webtiles) character file.

Game seed: 1106726359222923542

176 qw the Skirmisher (level 5, -3/29 HPs)
             Began as a Deep Elf Hunter on Feb 2, 2024.
             Was an Initiate of Okawaru.
             Slain by a ribbon worm (6 damage)
             ... on level 3 of the Dungeon.
             The game lasted 00:00:09 (2349 turns).

qw the Skirmisher (Deep Elf Hunter)                 Turns: 2349, Time: 00:00:10

Health: -3/29      AC:  6    Str: 10    XL:     5   Next: 30%
Magic:  7/7        EV:  9    Int: 14    God:    Okawaru [......]
Gold:   134        SH:  0    Dex: 18    Spells: 4/4 levels left

rFire   . . .        a - +0 shortbow
rCold   . . .        (shield currently unavailable)
rNeg    . . .        b - +0 scale mail
rPois   .            (no helmet)
rElec   .            (no cloak)
rCorr   .            (no gloves)
SInv    +            (no boots)
Will    .....        (no amulet)
Stlth   +            i - ring of see invisible
HPRegen 0.24/turn    (no ring)
MPRegen 0.10/turn

%: no passive effects
@: about to teleport
A: no striking features
a: Renounce Religion


You were on level 3 of the Dungeon.
You worshipped Okawaru.
Okawaru was noncommittal.
You visited 1 branch of the dungeon, and saw 3 of its levels.

You collected 134 gold pieces.


   Skills:
 - Level 1.5 Fighting
 + Level 8.8 Ranged Weapons
 - Level 2.4 Dodging
 - Level 1.2 Stealth


You had 4 spell levels left.
You didn't know any spells.
Your spell library was empty.

Inventory:

Hand Weapons
 a - a +0 shortbow (weapon)
Armour
 b - a +0 scale mail (worn)
Jewellery
 i - a ring of see invisible (left hand)
Scrolls
 d - 4 scrolls of identify
 g - 2 scrolls of teleportation
Potions
 c - a potion of haste
 e - 2 potions of cancellation
 f - a potion of lignification {unknown}

Dungeon Overview and Level Annotations

Branches:
Dungeon (3/15)

Altars:
Okawaru


Message History

The ribbon worm barely misses you.
You shoot an arrow. The arrow hits the ribbon worm.
The ribbon worm is heavily wounded.
The ribbon worm expels a string of sticky webbing.
The stream of webbing hits you but does no damage.
You are caught in a web!
You struggle to detach yourself from the web.
The ribbon worm bites you.
You struggle to detach yourself from the web.
The ribbon worm bites you.
The web tears apart.
You shoot an arrow.
The arrow barely misses the ribbon worm.
The ribbon worm bites you.
You shoot an arrow.
The arrow hits the ribbon worm but does no damage.
The ribbon worm is moderately wounded.
The ribbon worm barely misses you.
You shoot an arrow. The arrow hits the ribbon worm.
The ribbon worm is moderately wounded.
The ribbon worm bites you.
You shoot an arrow. The arrow hits the ribbon worm.
The ribbon worm is moderately wounded.
The ribbon worm barely misses you.
You shoot an arrow.
The arrow hits the ribbon worm but does no damage.
The ribbon worm is moderately wounded.
The ribbon worm bites you.
You shoot an arrow.
The arrow barely misses the ribbon worm.
The ribbon worm bites you.
2348 ||| READING 3 scrolls of teleportation.
As you read the scroll of teleportation, it crumbles to dust.
You feel strangely unstable.
The ribbon worm expels a string of sticky webbing.
The stream of webbing hits you but does no damage.
You are caught in a web!
The web tears apart.
The ribbon worm bites you.
You die...

.......>.....#...#
..................
.....>.....#.....#
.................
.##...##...##.####
..................
...........##.######.#
.................w...#
....#...######..@#
........##..###..##
.......%)....###..#
..........#...##..#
....#....##....#..#
.#.##...##.##..#.## #.
#.).#.##..##.# #
#...###...##.#
#............#


You could see a ribbon worm.

Vanquished Creatures
  A hound (D:3)
  Natasha (D:2)
  A gnoll (D:1)
  3 adders (D:2)
  A dart slug (D:3)
  A ribbon worm (D:3)
  8 ball pythons
  3 endoplasms
  2 giant cockroaches (D:3)
  8 goblins
  8 hobgoblins
  3 jackals (D:2)
  7 kobolds
  5 quokkas
  8 bats (D:3)
  13 frilled lizards
  4 rats
77 creatures vanquished.

Notes
Turn   | Place    | Note
-------+----------+-------------------------------------------
     0 | D:1      | qw the Deep Elf Hunter began the quest for the Orb.
     0 | D:1      | Reached XP level 1. HP: 12/12 MP: 3/3
     0 | D:1      | 0 ||| qw: Version: 0.3-a-155-g5e7d8dd
     0 | D:1      | 0 ||| qw: Game counter: 1689
     0 | D:1      | 0 ||| qw: Melee chars always use a shield: true
     0 | D:1      | 0 ||| qw: God list: Okawaru
     0 | D:1      | 0 ||| qw: Allow faded altars: false
     0 | D:1      | 0 ||| qw: Do Orc after clearing Dungeon:15 true
     0 | D:1      | 0 ||| qw: Do second Lair branch before Depths: true
     0 | D:1      | 0 ||| qw: Lair rune preference: random
     0 | D:1      | 0 ||| qw: Goals: Normal
     0 | D:1      | 0 ||| PLANNING D:1-11
    66 | D:1      | Reached XP level 2. HP: 16/16 MP: 4/4
    73 | D:1      | Reached skill level 6 in Ranged Weapons
   307 | D:1      | Reached XP level 3. HP: 20/20 MP: 5/5
   582 | D:1      | 582 ||| UPGRADING to ring of see invisible.
   583 | D:1      | 583 ||| READING scroll labelled PYRYSCH CUIM.
   583 | D:1      | 583 ||| IDENTIFYING purple potion
   584 | D:1      | 584 ||| READING scroll labelled GEETYF DOIMAF.
   685 | D:1      | 685 ||| READING 2 scrolls labelled MEAMPE EGAH.
   689 | D:1      | 689 ||| DRINKING 2 viscous coppery potions.
   794 | D:1      | 794 ||| DROPPING scroll of butterflies.
   795 | D:1      | 795 ||| DROPPING potion of berserk rage.
   844 | D:2      | Reached skill level 7 in Ranged Weapons
   846 | D:2      | 846 ||| FLEEEEING.
   847 | D:2      | 847 ||| FLEEEEING.
   977 | D:2      | Reached XP level 4. HP: 25/25 MP: 6/6
  1034 | D:2      | Noticed Natasha
  1039 | D:2      | 1039 ||| RETREEEEATING.
  1039 | D:2      | HP: 3/25 [Natasha/puff of flame (11)]
  1040 | D:2      | 1040 ||| READING 4 scrolls of teleportation.
  1041 | D:2      | 1041 ||| RETREEEEATING.
  1042 | D:2      | 1042 ||| RETREEEEATING.
  1318 | D:2      | Killed Natasha
  1319 | D:2      | Reached skill level 8 in Ranged Weapons
  1681 | D:2      | 1681 ||| UPGRADING to +0 scale mail.
  1691 | D:2      | 1691 ||| DROPPING +0 leather armour.
  1778 | D:3      | Found an iron altar of Okawaru.
  1782 | D:3      | 1782 ||| PLANNING OKAWARU WORSHIP
  1786 | D:3      | 1786 ||| READING 2 scrolls of identify.
  1786 | D:3      | 1786 ||| IDENTIFYING glowing red potion
  1800 | D:3      | Became a worshipper of Warmaster Okawaru
  1801 | D:3      | 1801 ||| PLANNING D:1-11
  1816 | D:3      | Reached XP level 5. HP: 11/29 MP: 7/7
  2347 | D:3      | HP: 3/29 [ribbon worm (6)]
  2348 | D:3      | 2348 ||| READING 3 scrolls of teleportation.
  2349 | D:3      | Slain by a ribbon worm

Levels and vault maps discovered:
D:1:      dpeg_arrival_tiny_f, layout_loops_ring
D:2:      layout_basic, minmay_lizard_king, uniq_natasha
D:3:      kb_forest_paths, layout_basic, mainiacjoe_overflow_paths,
          nicolae_yredelemnul_ghost_church, nicolae_ru_the_path_less_chosen,
          minmay_cupped

Skill      XL: |  1  2  3  4 |
---------------+-------------+-----
Ranged Weapons | 6 7 8 |  8.8
Fighting       | |  1.5
Dodging        | |  2.4
Stealth        | |  1.2

Action                     |  1- 3 |  4- 6 || total
---------------------------+-------+-------++-------
   Fire: Shortbow          |   103 |   111 ||   214
    Use: Scroll            |     3 |     3 ||     6
         Potion            |     1 |       ||     1
 Armour: Leather armour    |    13 |    10 ||    23
         Scale mail        |       |    45 ||    45
  Dodge: Dodged            |    19 |    47 ||    66

Table legend:
 A = Non-vault XP
 B = Vault XP
 C = Vault XP percentage of total XP
 D = Non-vault monster count
 E = Vault monster count
 F = Vault count percentage of total count
                 A         B        C        D         E       F
            +---------+---------+-------+---------+---------+-------
      Total |     191 |      61 |  24.2 |      59 |      18 |  23.4
            +---------+---------+-------+---------+---------+-------
        D:1 |      56 |       0 |   0.0 |      26 |       0 |   0.0
        D:2 |      70 |      44 |  38.6 |      20 |      10 |  33.3
        D:3 |      65 |      17 |  20.7 |      13 |       8 |  38.1
            +---------+---------+-------+---------+---------+-------
